 Dungeon Sprint DCSS version 0.32-a0-33-g74fbe469d6 (webtiles) character file.

Game seed: 17958972121904492014

103 PLAYERX the Trooper (level 4, -7/48 HPs)
             Began as a Minotaur Monk on Jan 20, 2024.
             Was a Believer of Qazlal.
             Mangled by a merfolk
             ... wielding a +0 trident
              (8 damage)
             ... in the Dungeon (Sprint V: "Ziggurat Sprint").
             The game lasted 00:03:53 (113 turns).

PLAYERX the Trooper (Minotaur Monk)                  Turns: 113, Time: 00:03:54

Health: -7/48      AC: 19    Str: 29    XL:     4   Next: 51%
Magic:  3/3        EV:  4    Int:  7    God:    Qazlal [**....]
Gold:   0          SH:  0    Dex: 13    Spells: 3/3 levels left

rFire   + . .        a - +16 obsidian axe {drain, demonic, Mesm ^Drain Fly SInv}
rCold   + . .        (no shield)
rNeg    . . .        u - +5 gold dragon scales
rPois   +            (helmet restricted)
rElec   .            (no cloak)
rCorr   .            (no gloves)
SInv    +            (no boots)
Will    .....        (no amulet) Stlth
                     n - +6 ring of strength
HPRegen 0.28/turn    o - +6 ring of strength
MPRegen 0.08/turn

%: no teleportation
@: flying, mesmerised, held
A: horns 2, retaliatory headbutt
a: Renounce Religion, Upheaval


You were in the Dungeon.
You worshipped Qazlal.
Qazlal was pleased with you.
You visited 1 branch

Inventory:

Hand Weapons
 a - the +16 obsidian axe (weapon) {drain, demonic, Mesm ^Drain Fly SInv}
   (You found it in the Dungeon)

   Mesm:      Its wielder is mesmerised by any visible foes, and it cannot be
   unequipped while any foes are visible.
   SInv:      It lets you see invisible.
   Fly:       It grants you flight.
   ^Drain:    It drains your maximum health when unequipped.
Armour
 u - +5 gold dragon scales (worn)
Jewellery
 b - a ring of flight
 d - a +6 ring of dexterity
 k - a +6 ring of dexterity
 l - a +6 ring of intelligence
 m - a +6 ring of intelligence
 n - a +6 ring of strength (left hand)
 o - a +6 ring of strength (right hand)
Wands
 p - a wand of mindburst (7)
 q - a wand of acid (7)
Scrolls
 j - 4 scrolls of blinking
 w - 4 scrolls of amnesia
 x - 7 scrolls of fog
 y - 5 scrolls of identify
 z - 2 scrolls of fear
Potions
 c - a potion of ambrosia
 e - 10 potions of curing
 f - 10 potions of heal wounds
 g - 6 potions of haste
 h - 7 potions of magic
 i - 3 potions of berserk rage
 r - 2 potions of brilliance
 s - 2 potions of invisibility
 t - 4 potions of resistance
 v - 5 potions of might


   Skills:
 + Level 7.7 Fighting
 + Level 7.6 Axes
 + Level 4.1 Armour
 + Level 6.8 Dodging


You had 3 spell levels left.
You didn't know any spells.
Your spell library was empty.

Dungeon Overview and Level Annotations

Branches:
Dungeon (1/1)

Altars:
Ashenzari
Cheibriados
Dithmenos
Elyvilon
Fedhas
Gozag
Hepliaklqana
Kikubaaqudgha
Makhleb
Nemelex Xobeh
Okawaru
Qazlal
Ru
Sif Muna
Trog
Uskayaw
Vehumet
Wu Jian
Xom
Yredelemnul
Zin
The Shining One
Jiyva
Lugonu

Annotations:
D 1 transporter


Innate Abilities, Weirdness & Mutations

You have a pair of horns on your head.
You reflexively headbutt those who attack you in melee.


Message History

You slice the water moccasin!!
You are no longer entranced.
You kill the water moccasin!
Qazlal accepts your kill.
Your Fighting skill gained 2 levels and is now at level 7!
Your Axes skill gained 2 levels and is now at level 7!
Your Dodging skill increases to level 6!
You have reached level 3!
Your experience leads to an increase in your attributes!
Your base attributes are Str 15, Int 7, Dex 12.
Increase (S)trength, (I)ntelligence, or (D)exterity?
You feel stronger. x2
You have reached level 4!
You feel agile.
There is a transporter here.
Welcome to arena 2.
You enter the transporter and appear at another place. 3 merfolk come into view.
A merfolk is wielding a +0 trident and quivering a throwing net.
Visions of slaying the merfolk flood into your mind.
The merfolk shouts! x3
Found three items.
Found a transporter.
The merfolk throws a throwing net.
The throwing net hits you.
You become entangled in the net!
You see here a throwing net.
You are held in a net!
You are held in a net!
You are held in a net!
You struggle against the net.
The merfolk hits you from afar with a +0 trident! x2
You struggle against the net.
The merfolk closely misses you.
The merfolk hits you from afar with a +0 trident.
The merfolk hits you but does no damage.
You struggle against the net.
The merfolk hits you from afar with a +0 trident!
* * * LOW HITPOINT WARNING * * *
The merfolk hits you from afar with a +0 trident!
* * * LOW HITPOINT WARNING * * *
The merfolk hits you from afar with a +0 trident!
You die...

▓▓▓▓▓▓▓▓▓▓▓▓▓
▓.8©8.▓.8©8.▓
▓./:[.▓.....▓
▓.....▓.).|.▓
▓.mmm.▓...†.▓
▓.....▓.....▓
▓.○@..▓..©..▓
▓..§..▓▓▓▓▓▓▓
▓▓▓▓▓▓▓


You could see 3 merfolk.

Vanquished Creatures
  A water moccasin (D)
  A ball python (D)
2 creatures vanquished.

Notes
Turn   | Place    | Note
-------+----------+-------------------------------------------
     0 | D        | PLAYERX the Minotaur Monk began the quest for the Orb.
     0 | D        | Reached XP level 1. HP: 19/19 MP: 0/0
    13 | D        | Found a blossoming altar of Fedhas.
    13 | D        | Found the +6 Majin-Bo {spellvamp, MP+6 Int+6}
    13 | D        | Found the +27 heavy crossbow "Sniper" {heavy, Acc+∞ SInv}
    13 | D        | Found the +10 dark maul {heavy}
    13 | D        | Found the +15 Maxwell's patent armour {-Cast -Tele rElec
                  | Will+ rCorr}
    13 | D        | Found the +18 shield of the Gong {Loud rN+ Will+ rCorr
                  | EV-5}
    13 | D        | Found the +16 obsidian axe {drain, demonic, Mesm ^Drain Fly
                  | SInv}
    13 | D        | Found the +7 great mace "Firestarter" {flame, immolate,
                  | rFlCloud rF++}
    13 | D        | Found the +6 shillelagh "Devastator" {shatter}
    13 | D        | Found the +11 plutonium sword {^Contam Stlth-}
    13 | D        | Found the +8 lance "Wyrmbane" {slay drac, rPois rF+ rC+
                  | AC+3}
    13 | D        | Found the +9 sword of Zonguldrok {reap}
    13 | D        | Found the +13 scythe of Curses {drain, curses, ^Drain}
    13 | D        | Found the +9 sword of Power {lifebolt}
    13 | D        | Found the +7 mace of Variability {chaos, chaos arc}
    13 | D        | Found the +11 Singing Sword {sonic wave}
    13 | D        | Found the +8 storm bow {elec, penet}
    14 | D        | Found a transporter.
    14 | D        | Found a viscous altar of Jiyva.
    14 | D        | Found an ancient bone altar of Kikubaaqudgha.
    14 | D        | Found a hazy altar of Hepliaklqana.
    14 | D        | Found a corrupted altar of Lugonu.
    14 | D        | Found an opulent altar of Gozag.
    14 | D        | Found a burning altar of Makhleb.
    21 | D        | Found a sparkling altar of Nemelex Xobeh.
    21 | D        | Found an iron altar of Okawaru.
    21 | D        | Found a stormy altar of Qazlal.
    21 | D        | Found a sacrificial altar of Ru.
    27 | D        | Found a shimmering blue altar of Sif Muna.
    29 | D        | Found a bloodstained altar of Trog.
    45 | D        | Reached skill level 5 in Fighting
    45 | D        | Reached skill level 5 in Axes
    45 | D        | Reached skill level 5 in Dodging
    45 | D        | Reached XP level 2. HP: 30/30 MP: 1/1
    66 | D        | Became a worshipper of Qazlal Stormbringer
    66 | D        | Reached * piety under Qazlal
    66 | D        | Reached ** piety under Qazlal
   101 | D        | Entered arena 2.
   101 | D        | Noticed a water moccasin
   101 | D        | Found a transporter.
   104 | D        | Killed a water moccasin
   105 | D        | Reached XP level 3. HP: 38/40 MP: 2/2
   105 | D        | Reached XP level 4. HP: 46/48 MP: 3/3
   109 | D        | Entered arena 3.
   109 | D        | Noticed a merfolk
   109 | D        | Noticed a merfolk
   109 | D        | Noticed a merfolk
   109 | D        | Found a transporter.
   113 | D        | HP: 1/48 [merfolk/+0 trident (8)]
   113 | D        | Mangled by a merfolk

Illustrated notes

Levels and vault maps discovered:
D:        sprint_v [room_start, room_1, room_2, room_3, room_4, room_5, room_6,
          room_7, room_8, room_9, room_10, room_11, room_12, room_13, room_14,
          room_15, room_16, room_17, room_18, room_19, room_20, room_21,
          room_22, room_23, room_24, room_25, room_26, room_27]

Skill      XL: |  1  2 |
---------------+-------+-----
Fighting       | 5 7 |  7.7
Axes           | 5 7 |  7.6
Armour         | 4 |  4.1
Dodging        | 5 6 |  6.8

Action                     |  1- 3 |  4- 6 || total
---------------------------+-------+-------++-------
  Melee: Broad axe         |     2 |       ||     2
    Use: Potion            |     1 |       ||     1
 Armour: Gold dragon scale |     5 |     7 ||    12
  Dodge: Dodged            |       |     1 ||     1
  Block: Other             |     1 |       ||     1

Table legend: (Time is in decaauts)
 A = Elapsed time spent in this place.
 B = Non-inter-level travel time spent in this place.
 C = Inter-level travel time spent in this place.
 D = Time resting spent in this place.
 E = Time spent auto-exploring this place.
 F = Levels seen in this place.
 G = Mean time per level.
                   A        B        C        D        E       F      G
               +--------+--------+--------+--------+--------+-----+--------+
         Total |    112 |    112 |      0 |      0 |      0 |   1 |  112.0 |
       Dungeon |    112 |    112 |      0 |      0 |      0 |   1 |  112.0 |
               +--------+--------+--------+--------+--------+-----+--------+

Top non-repeatable levels by time:
       D: 112 daAuts
